 Dungeon Crawl Stone Soup version 0.20-a0-1109-ge3cd172 (webtiles) character file.

1747 grindst0ne the Fighter (level 8, -5/79 HPs)
             Began as a Minotaur Fighter on May 5, 2017.
             Was a Believer of Wu Jian.
             Slain by a wight
             ... wielding a +5 falchion
              (8 damage)
             ... on level 5 of the Dungeon.
             The game lasted 00:20:39 (8545 turns).

grindst0ne the Fighter (Minotaur Fighter)           Turns: 8545, Time: 00:20:39

Health: -5/79      AC:  4    Str: 19    XL:     8   Next: 77%
Magic:  6/6        EV:  8    Int:  5    God:    Wu Jian [**....]
Gold:   255        SH:  9    Dex: 11    Spells: 7/7 levels left

rFire    . . .     SeeInvis .   C - +0 falchion
rCold    . . .     Gourm    .   c - +0 shield
rNeg     . . .     Faith    .   j - -1 ring mail (curse)
rPois    .         Spirit   .   (helmet restricted)
rElec    .         Reflect  .   (no cloak)
rCorr    .         Harm     .   (no gloves)
MR       +....                  (no boots)
Stlth    ..........             (no amulet)
Regen    0.3/turn               m - ring of loudness (curse)
MPRegen  0.1/turn               o - -3 ring of strength (curse)

@: flying, very slightly contaminated, hasted, drained, invisible, very quick
A: retaliatory headbutt, horns 2, low mp 1, magic resistance 1
a: Renounce Religion


You were on level 5 of the Dungeon.
You worshipped Wu Jian.
Wu Jian was pleased with you.
You were near starving.

You visited 1 branch of the dungeon, and saw 6 of its levels.

You collected 255 gold pieces.

Inventory:

Hand Weapons
 a - a +2 flail
 e - a +3 dagger
 r - a -1 dagger
 s - a +1 spear of venom
 x - a +4 rapier
 C - a +0 falchion (weapon)
Missiles
 y - 4 tomahawks (quivered)
 A - 2 tomahawks of returning
Armour
 b - a +0 scale mail
 c - a +0 shield (worn)
 d - a +0 plate armour
 j - a cursed -1 ring mail (worn)
Jewellery
 m - a cursed ring of loudness (left hand)
 o - a cursed -3 ring of strength (right hand)
 u - an uncursed ring of positive energy {unknown}
 w - an uncursed ring of protection from fire {unknown}
Wands
 l - a wand of acid (0/15)
Scrolls
 g - a scroll of amnesia
 D - a scroll of fear
Potions
 q - a potion of invisibility
Comestibles
 f - 3 bread rations
 p - a royal jelly
 z - 5 fruits


   Skills:
 + Level 10.1(9.8) Fighting
 + Level 9.9(9.6) Maces & Flails
 - Level 3.6(3.3) Armour
 - Level 3.6(3.3) Shields


You had 7 spell levels left.
You didn't know any spells.

Dungeon Overview and Level Annotations

Branches:
Dungeon (6/15)             Temple (0/1) D:4

Altars:
Ashenzari
Dithmenos
Hepliaklqana
Ru
Sif Muna
Trog
Wu Jian
Zin


Innate Abilities, Weirdness & Mutations

You reflexively headbutt those who attack you in melee.
You have a pair of horns on your head.
Your magical capacity is low. (-10% MP)
You are resistant to hostile enchantments. (MR+)


Message History

You fly up into the air.
You feel sick. The wight hits you but does no damage.
You hit the wight but do no damage. Your headbutt misses the wight.
The wight hits you with an enchanted falchion.
* * * LOW HITPOINT WARNING * * *
Okay, then.
You feel yourself speed up.
You feel sick. You block the wight's attack.
There is an open door here.
You feel sick.
Okay, then.
You feel sick.
You are no longer poisoned.
Your shield and ring mail prevent you from hitting the wight.
Your headbutt misses the wight. The wight hits you but does no damage.
You barely miss the wight.
The wight hits you with an enchanted falchion.
* * * LOW HITPOINT WARNING * * *
You feel drained.
You hit the wight but do no damage.
The wight hits you with an enchanted falchion!
You die...

##### #...# #@..#
#.z.# #...#
#..#### #.....#
#....## #....#
#########'########
#...........#....#


You could see a wight.

Vanquished Creatures
  An ice beast (D:5)
  2 ogres
  A centaur (D:5)
  A gnoll sergeant (D:6)
  2 scorpions (D:6)
  A water moccasin skeleton (D:5)
  3 wights (D:6)
  2 howler monkeys
  2 crimson imps (D:5)
  A bullfrog zombie (D:5)
  2 bullfrog skeletons
  A jelly (D:6)
  4 hounds
  An orc priest (D:6)
  7 orc wizards
  An iguana (D:4)
  8 worker ants
  A hound zombie (D:6)
  4 gnolls (D:6)
  A howler monkey skeleton (D:6)
  6 adders
  5 oozes
  A worm (D:2)
  4 dart slugs
  6 leopard geckos
  20 orcs
  5 giant cockroaches
  6 goblins
  10 hobgoblins
  2 jackals (D:3)
  6 kobolds
  4 quokkas
  6 bats
  5 frilled lizards
  A quokka skeleton (D:4)
  17 rats
  A butterfly (D:6)
151 creatures vanquished.

Vanquished Creatures (others)
  An orc wizard (D:6)
1 creature vanquished.

Grand Total: 152 creatures vanquished

Notes
Turn   | Place    | Note
-------+----------+-------------------------------------------
     0 | D:1      | grindst0ne the Minotaur Fighter began the quest for the Orb.
     0 | D:1      | Reached XP level 1. HP: 19/19 MP: 0/0
    73 | D:1      | Reached skill level 4 in Fighting
    73 | D:1      | Reached XP level 2. HP: 25/27 MP: 1/1
   401 | D:1      | Reached XP level 3. HP: 33/33 MP: 2/2
   838 | D:2      | Found a shattered altar of Ashenzari.
   989 | D:2      | Found an ornate altar of the Wu Jian Council.
   993 | D:2      | Became a worshipper of the Wu Jian Council
  1077 | D:2      | Reached XP level 4. HP: 39/41 MP: 3/3
  1367 | D:2      | Reached skill level 5 in Fighting
  1400 | D:2      | Found a shadowy altar of Dithmenos.
  1610 | D:2      | Noticed a moth of wrath
  1612 | D:2      | Found a bloodstained altar of Trog.
  2052 | D:3      | Reached * piety under Wu Jian
  2582 | D:4      | Reached skill level 5 in Maces & Flails
  2582 | D:4      | Reached XP level 5. HP: 23/48 MP: 4/4
  2749 | D:4      | Found a staircase to the Ecumenical Temple.
  2911 | D:4      | Found a deep blue altar of Sif Muna.
  2962 | D:4      | Reached skill level 6 in Fighting
  3357 | D:4      | Reached XP level 6. HP: 56/57 MP: 5/5
  3937 | D:5      | Entered Level 5 of the Dungeon
  4307 | D:5      | Reached skill level 7 in Fighting
  4524 | D:5      | Noticed an ice beast
  4535 | D:5      | Killed an ice beast
  4535 | D:5      | Reached XP level 7. HP: 56/66 MP: 6/6
  4959 | D:5      | Found a sacrificial altar of Ru.
  5337 | D:5      | Reached skill level 8 in Fighting
  5592 | D:6      | Reached XP level 8. HP: 40/75 MP: 7/7
  5969 | D:6      | Found a glowing silver altar of Zin.
  6030 | D:6      | Reached skill level 9 in Fighting
  6707 | D:6      | Reached ** piety under Wu Jian
  6727 | D:6      | Gained mutation: Your magical capacity is low. (-10% MP) [potion of mutation]
  6727 | D:6      | Gained mutation: You are resistant to hostile enchantments. (MR+) [potion of mutation]
  7099 | D:6      | Found a runed door.
  7120 | D:6      | Found a runed door.
  7130 | D:6      | Found a hazy altar of Hepliaklqana.
  7787 | D:6      | Reached skill level 10 in Fighting
  8535 | D:5      | HP: 3/79 [poisoned by a soldier ant]
  8541 | D:5      | HP: 3/79 [poisoned by a soldier ant]
  8545 | D:5      | Slain by a wight

Vault maps used:
D:1:      dpeg_arrival_another_circle
D:2:      grunt_dithmenos_smoke, marbit_many_paths, tgw_trog,
          evilmike_ruin_ashenzari
D:4:      led_sif_book, minmay_temple_entry_fiery, first_bread
D:5:      nicolae_ru_sacrificial_ziggurat
D:6:      lemuel_insect_pit, kennysheep_mini_moat, kennysheep_mini

Skill      XL: |  1  2  3  4  5  6  7  8 |
---------------+-------------------------+-----
Fighting       | 4 5 6 7 8 10 | 10.1
Maces & Flails | 3 4 5 6 8 9 |  9.9
Armour         | |  3.6
Shields        | |  3.6

Action                   |  1- 3 |  4- 6 |  7- 9 || total
-------------------------+-------+-------+-------++-------
Melee: Flail             |    30 |       |       ||    30
       Headbutt          |    15 |    47 |    73 ||   135
       Dagger            |    54 |   193 |       ||   247
       Falchion          |       |    69 |   383 ||   452
Evoke: Wand              |       |       |     1 ||     1
  Use: Scroll            |       |    11 |     6 ||    17
       Potion            |       |       |    12 ||    12
  Eat: Chunk             |     1 |    11 |    10 ||    22
       Fruit             |       |       |     2 ||     2
Armor: Scale mail        |    44 |    98 |    12 ||   154
       Plate armour      |       |       |   177 ||   177
       Ring mail         |       |       |    57 ||    57
Dodge: Dodged            |    26 |    73 |    93 ||   192
Block: Shield            |    50 |   132 |   194 ||   376
       Rpst.: Falchion   |       |     4 |    24 ||    28
